 Dungeon Crawl Stone Soup version 0.30-a0-845-g7c6808c8ce (webtiles) character file.

Game seed: 3213926965946792204

343 demibob the Shooter (level 6, -1/50 HPs)
             Began as a Hill Orc Hunter on Mar 2, 2023.
             Killed from afar by Ijyb (7 damage)
             ... with a bolt of dispelling energy
             ... on level 4 of the Dungeon.
             The game lasted 00:03:44 (3140 turns).

demibob the Shooter (Hill Orc Hunter)               Turns: 3140, Time: 00:03:44

Health: -1/50      AC:  7    Str: 14    XL:     6   Next: 57%
Magic:  6/6        EV: 11    Int:  9    God:
Gold:   221        SH:  0    Dex: 16    Spells: 5/5 levels left

rFire   . . .      SeeInvis .    a - +0 shortbow (heavy)
rCold   . . .      Faith    .    (shield currently unavailable)
rNeg    . . .      Spirit   .    c - +0 leather armour
rPois   .          Reflect  .    (no helmet)
rElec   .          Rampage  .    g - +2 cloak
rCorr   .                        (no gloves)
Will    .....                    e - +0 pair of boots
Stlth   +                        (no amulet)
HPRegen 0.28/turn                (no ring)
MPRegen 0.10/turn                (no ring)

@: no status effects
A: no striking features
a: no special abilities


You were on level 4 of the Dungeon.
You visited 1 branch of the dungeon, and saw 4 of its levels.

You collected 221 gold pieces.


   Skills:
 - Level 2.4 Fighting
 + Level 7.0 Ranged Weapons
 - Level 1.5 Dodging
 - Level 0.7 Stealth


You had 5 spell levels left.
You didn't know any spells.
Your spell library contained the following spells:

 Spells                   Type           Power      Damage    Failure   Level
 Necrotise                Necr           0%         1d4       45%         1
 Portal Projectile        Hex/Tloc       0%         N/A       83%         3
 Tukima's Dance           Hex            0%         N/A       83%         3
 Vampiric Draining        Necr           0%         2d6       83%         3
 Agony                    Necr           0%         N/A       100%        5
 Blade Hands              Tmut           0%         N/A       100%        5

Inventory:

Hand Weapons
 a - a +0 heavy shortbow (weapon)
Armour
 c - a +0 leather armour (worn)
 e - a +0 pair of boots (worn)
 g - a +2 cloak (worn)
 n - a +0 helmet
Jewellery
 R - a ring of resist corrosion
Scrolls
 b - 2 scrolls of immolation
 d - a scroll of identify {@r1}
 f - 3 scrolls of magic mapping
 i - 2 scrolls of fog
 m - 2 scrolls of vulnerability {unknown}
 o - 2 scrolls of teleportation {@r2}
 p - a scroll of noise {unknown}
Potions
 h - 2 potions of cancellation
 j - a potion of berserk rage {!q}
 k - a potion of degeneration
 l - a potion of flight

Dungeon Overview and Level Annotations

Branches:
Dungeon (4/15)
 Temple: D:4-7

Altars:
Vehumet

Annotations:
D:4 Ijyb

#.......###..##........#....≈≈≈
#.>......###.##..#######...≈≈≈≈
#.....<...#..##..####.....≈≈...
###........#.#.........g..≈≈.>.
#.##.....#......#.#.....≈≈{..
####............#.####...≈≈≈≈
##.......##........# ....≈≈≈
#..............g..#####......
##............@.......##.....
##.................#...###...##
#..................#.....#####.
##..#................###.###...
#.#####...........#.#####.#...
### #.........<##...........
##........###.##........
#........##..###...#..†
###......###..###.##.)#


You could see Ijyb.


Message History

You shoot an arrow. The arrow hits Ijyb.
Ijyb is lightly wounded.
Ijyb zaps a wand.
The bolt of dispelling energy hits you!
You shoot an arrow. The arrow barely misses Ijyb.
Ijyb zaps a wand.
The bolt of dispelling energy hits you!
* * * LOW HITPOINT WARNING * * *
Fire: a) +0 shortbow (heavy)
Press: ? - help, Q - select action Shift-Dir - straight line, f/p - Ijyb
Aim: Ijyb, wielding a +0 club, wearing a +0 leather armour and carrying a wand of quicksilver (11) (lightly wounded, 58% to hit)
You shoot an arrow. The arrow hits Ijyb!
Ijyb is severely wounded.
Fire: a) +0 shortbow (heavy)
Press: ? - help, Q - select action Shift-Dir - straight line, f/p - Ijyb
Aim: Ijyb, wielding a +0 club, wearing a +0 leather armour and carrying a wand of quicksilver (11) (severely wounded, 58% to hit)
You shoot an arrow. The arrow hits Ijyb but does no damage.
Ijyb is severely wounded.
Ijyb hits you with a +0 club.
* * * LOW HITPOINT WARNING * * *
Ijyb hits you but does no damage.
Fire: a) +0 shortbow (heavy)
Press: ? - help, Q - select action Shift-Dir - straight line, f/p - Ijyb
Aim: Ijyb, wielding a +0 club, wearing a +0 leather armour and carrying a wand of quicksilver (11) (heavily wounded, 58% to hit)
You shoot an arrow. The arrow closely misses Ijyb.
Ijyb zaps a wand.
The bolt of dispelling energy hits you!
* * * LOW HITPOINT WARNING * * *
Ijyb zaps a wand.
The bolt of dispelling energy hits you!
You die...

Skill      XL: |  1  2  3  4  5  6 |
---------------+-------------------+-----
Ranged Weapons | 4 5 6 7 |  7.0
Fighting       | |  2.4
Dodging        | |  1.5
Stealth        | |  0.7

Action                     |  1- 3 |  4- 6 || total
---------------------------+-------+-------++-------
   Fire: Shortbow          |   130 |    82 ||   212
    Use: Scroll            |     8 |     2 ||    10
         Potion            |     1 |       ||     1
 Armour: Leather armour    |    18 |    36 ||    54
  Dodge: Dodged            |    38 |    25 ||    63

Levels and vault maps discovered:
D:1:      saegor_arrival_simple_d, layout_basic, basic_ecumenical_altar,
          chequers_serial_rivers_micro_c, minmay_3d_cube
D:2:      layout_loops_ring, basic_altar, minmay_rat_gold_closets
D:3:      layout_basic, chequers_serial_rivers_small_3
D:4:      layout_cave_pools, tgw_sif, minmay_temple_entry_statues_fountains,
          nicolae_titane, uniq_ijyb, uniq_robin, uniq_grinder

Notes
Turn   | Place    | Note
-------+----------+-------------------------------------------
     0 | D:1      | demibob the Hill Orc Hunter began the quest for the Orb.
     0 | D:1      | Reached XP level 1. HP: 18/18 MP: 1/1
   107 | D:1      | Reached skill level 4 in Ranged Weapons
   107 | D:1      | Reached XP level 2. HP: 25/25 MP: 2/2
   451 | D:1      | Found a faded altar of an unknown god.
   621 | D:1      | Reached XP level 3. HP: 30/30 MP: 3/3
   917 | D:2      | Found a radiant altar of Vehumet.
  1895 | D:3      | Reached skill level 5 in Ranged Weapons
  1895 | D:3      | Reached XP level 4. HP: 37/37 MP: 4/4
  2440 | D:4      | Noticed Robin
  2449 | D:4      | Killed Robin
  2659 | D:4      | Reached XP level 5. HP: 32/42 MP: 5/5
  2714 | D:4      | Noticed Grinder
  2728 | D:4      | Killed Grinder
  2729 | D:4      | Reached skill level 6 in Ranged Weapons
  2729 | D:4      | Reached XP level 6. HP: 35/50 MP: 6/6
  2792 | D:4      | Reached skill level 7 in Ranged Weapons
  2884 | D:4      | Noticed Ijyb
  3140 | D:4      | Killed from afar by Ijyb

Vanquished Creatures
  Grinder (D:4)
  A hound (D:4)
  An iguana (D:4)
  Robin (D:4)
  An adder (D:3)
  2 worms
  5 bats
  5 endoplasms
  2 giant cockroaches
  11 goblins
  10 hobgoblins
  4 quokkas
  8 ball pythons
  5 frilled lizards
  6 kobolds
  11 rats
74 creatures vanquished.

Vanquished Creatures (others)
  An adder (D:2)
1 creature vanquished.

Grand Total: 75 creatures vanquished

Table legend: (Time is in decaauts)
 A = Elapsed time spent in this place.
 B = Non-inter-level travel time spent in this place.
 C = Inter-level travel time spent in this place.
 D = Time resting spent in this place.
 E = Time spent auto-exploring this place.
 F = Levels seen in this place.
 G = Mean time per level.
                   A        B        C        D        E       F      G
               +--------+--------+--------+--------+--------+-----+--------+
         Total |   3265 |   3203 |     62 |    508 |   2181 |   4 |  816.2 |
       Dungeon |   3265 |   3203 |     62 |    508 |   2181 |   4 |  816.2 |
               +--------+--------+--------+--------+--------+-----+--------+

Top non-repeatable levels by time:
     D:2: 957 daAuts
     D:4: 798 daAuts
     D:1: 796 daAuts
     D:3: 712 daAuts

Table legend:
 A = Non-vault XP
 B = Vault XP
 C = Vault XP percentage of total XP
 D = Non-vault monster count
 E = Vault monster count
 F = Vault count percentage of total count
                 A         B        C        D         E       F
            +---------+---------+-------+---------+---------+-------
      Total |     187 |     303 |  61.8 |      53 |      22 |  29.3
            +---------+---------+-------+---------+---------+-------
        D:1 |      33 |       2 |   5.7 |      21 |       2 |   8.7
        D:2 |      31 |       8 |  20.5 |      12 |       8 |  40.0
        D:3 |      40 |       0 |   0.0 |      16 |       0 |   0.0
        D:4 |      83 |     293 |  77.9 |       4 |      12 |  75.0
            +---------+---------+-------+---------+---------+-------
